 Dungeon Crawl Stone Soup version 0.21-a0-442-g848f44b (webtiles) character file.

126 tof the Slasher (level 4, -2/40 HPs)
             Began as a Minotaur Berserker on Nov 15, 2017.
             Was a Believer of Trog.
             Slain by a gnoll
             ... wielding a +0 halberd
              (8 damage)
             ... on level 2 of the Dungeon.
             The game lasted 00:01:08 (894 turns).

tof the Slasher (Minotaur Berserker)                 Turns: 894, Time: 00:01:09

Health: -2/40      AC:  5    Str: 22    XL:     4   Next: 83%
Magic:  3/3        EV: 12    Int:  4    God:    Trog [**....]
Gold:   75         SH:  0    Dex: 10    Spells: 3/3 levels left

rFire    . . .     SeeInvis .   a - +0 falchion
rCold    . . .     Gourm    .   (no shield)
rNeg     . . .     Faith    .   k - +0 ring mail
rPois    .         Spirit   .   (helmet restricted)
rElec    .         Reflect  .   (no cloak)
rCorr    .         Harm     .   (no gloves)
MR       .....                  (no boots)
Stlth    ..........             (no amulet)
HPRegen  0.13/turn              (no ring)
MPRegen  0.08/turn              (no ring)

@: glowing
A: retaliatory headbutt, horns 2
a: Berserk, Trog's Hand, Burn Spellbooks, Renounce Religion


You were on level 2 of the Dungeon.
You worshipped Trog.
Trog was pleased with you.
You were not hungry.

You visited 1 branch of the dungeon, and saw 2 of its levels.

You collected 75 gold pieces.

Inventory:

Hand Weapons
 a - a +0 falchion (weapon)
Armour
 b - a +0 animal skin
 k - a +0 ring mail (worn)
Scrolls
 d - a scroll of identify {unknown}
 e - a scroll of recharging {unknown}
 h - a scroll of remove curse {unknown}
Potions
 f - 2 potions of curing {unknown}
 i - a potion of agility {unknown}
 j - a potion of lignification {unknown}
Comestibles
 c - 2 bread rations
 g - 2 meat rations


   Skills:
 + Level 4.2 Fighting
 * Level 5.0 Long Blades
 + Level 1.4 Throwing
 + Level 3.2 Armour
 + Level 3.1 Dodging


You had 3 spell levels left.
You didn't know any spells.

Dungeon Overview and Level Annotations

Branches:
Dungeon (2/15)

Altars:


Innate Abilities, Weirdness & Mutations

You reflexively headbutt those who attack you in melee.
You have a pair of horns on your head.


Message History

The gnoll shaman is almost dead.
The gnoll hits you but does no damage. The gnoll shaman closely misses you.
You hit the gnoll shaman but do no damage.
Your headbutt misses the gnoll shaman.
The gnoll shaman is almost dead.
The gnoll barely misses you. The gnoll shaman hits you with a club.
* * * LOW HITPOINT WARNING * * *
The gnoll hits you but does no damage.
You closely miss the gnoll shaman. Your headbutt misses the gnoll shaman.
The gnoll shaman is almost dead.
The gnoll hits you from afar with a halberd.
* * * LOW HITPOINT WARNING * * *
The gnoll shaman prays to its god.
The gnoll shaman is healed somewhat.
You hit the gnoll shaman.
You kill the gnoll shaman!
Trog accepts your kill.
Your Long Blades skill increases to level 5!
The gnoll hits you from afar with a halberd!
You die...

. ##.# #.# #. ##..###
##.. ... #.###.....
...## #.# ........###
##...###.# #.......?
.....##.# #.##...g.#
....##.# #..>....#
#.#.##.## #..######
##.#.##..# #..g)@..#
##....###.#
#######)###.#.#...>.##
#.).............
#####.#.#.##..##
##...###..##
##......... ######..##
...# ###.#


You could see a gnoll.

Vanquished Creatures
  A gnoll shaman (D:2)
  A bullfrog skeleton (D:2)
  2 gnolls (D:2)
  An ooze (D:1)
  2 worms (D:2)
  A dart slug (D:1)
  2 leopard geckos (D:1)
  2 giant cockroaches
  3 goblins (D:1)
  4 hobgoblins
  2 jackals (D:1)
  5 bats (D:1)
  5 frilled lizards
  3 kobolds
  8 rats
42 creatures vanquished.

Notes
Turn   | Place    | Note
-------+----------+-------------------------------------------
     0 | D:1      | tof the Minotaur Berserker began the quest for the Orb.
     0 | D:1      | Reached XP level 1. HP: 19/19 MP: 0/0
    40 | D:1      | Reached XP level 2. HP: 23/27 MP: 1/1
   107 | D:1      | Reached skill level 4 in Long Blades
   331 | D:1      | Reached ** piety under Trog
   347 | D:1      | Reached XP level 3. HP: 29/33 MP: 2/2
   756 | D:2      | Reached skill level 1 in Throwing
   756 | D:2      | Reached XP level 4. HP: 25/40 MP: 3/3
   894 | D:2      | Reached skill level 5 in Long Blades
   894 | D:2      | Slain by a gnoll

Vault maps used:
D:1:      dpeg_arrival_refuge
D:2:      tso_altar, first_bread

Skill      XL: |  1  2  3  4 |
---------------+-------------+-----
Long Blades    | 4 5 |  5.0
Fighting       | 4 |  4.2
Throwing       | 1 |  1.4
Armour         | 3 |  3.2
Dodging        | 3 |  3.1

Action                   |  1- 3 |  4- 6 || total
-------------------------+-------+-------++-------
Melee: Falchion          |    71 |    18 ||    89
       Headbutt          |    11 |     6 ||    17
Armor: Animal skin       |    10 |       ||    10
       Ring mail         |     3 |     4 ||     7
Dodge: Dodged            |    46 |    14 ||    60
       Rpst.: Falchion   |    10 |     1 ||    11

Table legend:
 A = Spawn XP
 B = Non-spawn XP
 C = Spawn XP percentage of total XP
 D = Spawn monster count
 E = Non-spawn monster count
 F = Spawn count percentage of total count
 G = Total turns spent on level
                    A         B        C        D         E        F      G
               +---------+---------+-------+---------+---------+-------+---------
         Total |       0 |     180 |   0.0 |       0 |      42 |   0.0 |   894
               +---------+---------+-------+---------+---------+-------+---------
           D:1 |       0 |      52 |   0.0 |       0 |      30 |   0.0 |   668
           D:2 |       0 |     128 |   0.0 |       0 |      12 |   0.0 |   226
               +---------+---------+-------+---------+---------+-------+---------
